 Dungeon Crawl Stone Soup version 0.27.1-34-g3ba077fa99 (console) character file.

Game seed: 13530121264060089658

14680 Banquo the Cleaver (level 12, -1/91 HPs)
             Began as a Formicid Fighter on Feb 16, 2022.
             Was a High Priest of Vehumet.
             Killed from afar by a fire dragon (20 damage)
             ... with a blast of flame
             ... in a volcano.
             The game lasted 00:51:49 (15431 turns).

Banquo the Cleaver (Formicid Fighter)              Turns: 15431, Time: 00:51:51

Health: -1/91      AC: 20    Str: 21    XL:     12   Next: 48%
Magic:  22/22      EV:  8    Int: 13    God:    Vehumet [*****.]
Gold:   721        SH: 12    Dex: 10    Spells: 14/24 levels left

rFire    + . .     SeeInvis +   a - +1 war axe (venom)
rCold    . . .     Faith    .   c - +1 kite shield
rNeg     . . .     Spirit   .   q - +1 chain mail {rF+}
rPois    .         Reflect  .   (helmet unavailable)
rElec    .         Harm     .   (no cloak)
rCorr    .         Rampage  .   (no gloves)
Will     +....                  (no boots)
Stlth    ..........             (no amulet)
HPRegen  0.25/turn              v - +4 ring of protection
MPRegen  0.18/turn              m - +4 ring of protection

@: mighty
A: permanent stasis, dig shafts and tunnels, antennae 3, four strong arms
a: Dig, Renounce Religion


You were in a volcano.
You worshipped Vehumet.
Vehumet was extremely pleased with you.
You visited 3 branches of the dungeon, and saw 12 of its levels.
You also visited: Volcano.

You collected 721 gold pieces.

Inventory:

Hand Weapons
 a - a +1 war axe of venom (weapon)
 b - a +0 spear of venom
 n - a +6 great mace
 r - a +2 glaive of flaming
 B - a +2 hunting sling of freezing
 K - a +1 mace of protection
 T - a +1 trident of flaming
Missiles
 e - a throwing net
 p - 7 boomerangs
 u - 8 boomerangs of dispersal
 C - 2 curare-tipped darts
 S - 6 poisoned darts
Armour
 c - a +1 kite shield (worn)
 k - a +0 plate armour
 q - a +1 chain mail of fire resistance (worn)
 t - the +1 ring mail of the Prince of Darkness {rF+}
   (You took it off a gnoll on level 6 of the Dungeon)

   rF:        It protects you from fire.
Jewellery
 l - a ring of flight
 m - a +4 ring of protection (right hand)
 o - a +6 ring of intelligence
 v - a +4 ring of protection (left hand)
 D - a ring of willpower
 M - a ring of positive energy
Wands
 G - a wand of iceblast (6)
 O - a wand of flame (32)
Scrolls
 j - a scroll of acquirement
 x - a scroll of enchant weapon
 F - 2 scrolls of fog
 R - 3 scrolls of identify
Potions
 f - 2 potions of heal wounds
 g - 5 potions of curing
 h - 5 potions of flight
 i - 3 potions of lignification
 s - a potion of ambrosia {unknown}
 A - a potion of cancellation {unknown}
 E - a potion of resistance {unknown}
 L - a potion of brilliance {unknown}


   Skills:
 * Level 7.4 Fighting
 * Level 12.9 Axes
 - Level 10.0 Armour
 + Level 1.3 Dodging
 + Level 8.0 Shields
 * Level 6.7 Spellcasting
 * Level 4.8 Poison Magic


You had 14 spell levels left.
You knew the following spells:

 Your Spells              Type           Power      Damage    Failure   Level
c - Mephitic Cloud        Conj/Pois/Air  8%         N/A       43%         3
i - Ignite Poison         Fire/Tmut/Pois 8%         N/A       43%         3
m - Iskenderun's Mystic   Conj/Tloc      4%         2d3       95%         4

Your spell library contained the following spells:

 Spells                   Type           Power      Damage    Failure   Level
 Animate Skeleton         Necr           8%         N/A       77%         1
 Apportation              Tloc           8%         N/A       77%         1
 Beastly Appendage        Tmut           8%         N/A       77%         1
 Corona                   Hex            4%         N/A       77%         1
 Summon Small Mammal      Summ           16%        N/A       77%         1
 Spider Form              Tmut/Pois      5%         N/A       80%         3
 Ensorcelled Hibernation  Hex/Ice        8%         N/A       88%         2
 Wereblood                Tmut           4%         N/A       88%         2
 Gell's Gravitas          Tloc           2%         N/A       98%         3
 Lesser Beckoning         Tloc           2%         N/A       98%         3
 Ozocubu's Armour         Ice            4%         N/A       98%         3
 Teleport Other           Tloc           4%         N/A       98%         3
 Tukima's Dance           Hex            4%         N/A       98%         3
 Alistair's Intoxication  Tmut/Pois      6%         N/A       100%        5
 Invisibility             Hex            2%         N/A       100%        6
 Ozocubu's Refrigeration  Ice            2%         4d5       100%        7


Dungeon Overview and Level Annotations

Branches:
Dungeon (10/15)            Temple (1/1) D:4            Lair (1/6) D:10
Volcano (1/1)
    Orc: D:9-12

Altars:
Ashenzari
Cheibriados
Dithmenos
Elyvilon
Fedhas
Gozag
Hepliaklqana
Kikubaaqudgha
Makhleb
Nemelex Xobeh
Okawaru
Qazlal
Ru
Sif Muna
Trog
Uskayaw
Vehumet
Wu Jian
Xom
Yredelemnul
Zin
The Shining One

Shops:
D:4 :


Innate Abilities, Weirdness & Mutations

You cannot be hasted, slowed, berserked, paralysed or teleported.
You can dig through walls and to a lower floor.
You have a pair of large antennae on your head. (SInv)
Your four strong arms can wield two-handed weapons with a shield.


Message History

You block the fire dragon's attack.
You barely miss the fire dragon.
The fire dragon is lightly wounded.
The fire dragon breathes flames at you. The blast of flame hits you!
You resist.
You barely miss the fire dragon.
The fire dragon is lightly wounded.
You hit the fire dragon.
The fire dragon is poisoned.
The fire dragon is lightly wounded.
The fire dragon bites you! You block the fire dragon's attack.
The fire dragon closely misses you.
You barely miss the fire dragon.
The fire dragon is lightly wounded.
In the distance, the volcano erupts with a roar.
The fire dragon bites you but does no damage.
You block the fire dragon's attack.
The fire dragon tramples you but does no damage.
You slash the fire dragon!
The fire dragon is moderately wounded.
A fire bat comes into view.
The fire dragon breathes flames at you. The blast of flame hits you!!
You resist.
You slash the fire dragon!
The fire dragon looks as sick as possible!
The fire dragon is heavily wounded.
The fire dragon bites you but does no damage.
You block the fire dragon's attack. The fire dragon closely misses you.
A fire bat comes into view.
You slash the fire dragon!
The fire dragon is heavily wounded.
The fire dragon breathes flames at you. The blast of flame hits you!
You resist.
* * * LOW HITPOINT WARNING * * *
You closely miss the fire dragon.
The fire dragon is heavily wounded.
You barely miss the fire bat.
The fire bat bites you but does no damage.
The fire dragon breathes flames at you. The blast of flame hits you!!
You resist.
You die...

{ #### °## {{ #..###
####.##########
#D$${.##..###...°°.§.......#
§§D)∩ ###..D....≈°≈≈≈≈§≈...
≈§!≈ ###Db..≈≈§≈≈≈≈≈≈§§. §§≈
#.@..≈≈§°≈≈≈≈≈§≈≈≈. §≈
##...b.≈≈°≈≈≈≈§≈§≈. ☼
#.....§°○≈≈§≈≈§§§§.
##....§≈≈°≈≈≈≈≈≈...
###.....≈≈≈≈≈≈...# ###
##.#.............#
##≈≈##.###..###..##...#
#≈≈≈≈.###.### #######.#
##○≈≈≈.##†#.# ##.##


You could see a fire dragon (extremely poisoned, catching breath), a steam
dragon and 2 fire bats.

Vanquished Creatures
  A two-headed ogre (D:9)
  A hell hog (Volcano)
  A manticore (D:6)
  A centaur zombie (D:10)
  A cane toad (Lair:1)
  Psyche (D:8)
  An unseen horror (D:7)
  A gargoyle (D:10)
  The ghost of temujin the Magician, a novice DjCj (D:5)
  2 komodo dragons (D:10)
  3 fire bats (Volcano)
  Eustachio (D:6)
  26 yaks
  3 steam dragons
  A basilisk (D:10)
  2 wyverns
  A hell hound (Volcano)
  2 water moccasins
  A black bear (D:5)
  4 orc warriors
  An ice beast (D:7)
  4 ogres
  3 sky beasts
  10 necrophages
  5 centaurs
  The ghost of DildoBatman the Conjurer, an amateur FoCj (D:6)
  3 phantoms
  2 kobold brigands
  6 bullfrogs
  2 scorpions (D:10)
  2 wyvern zombies
  A water moccasin skeleton (D:5)
  16 killer bees
  6 wights
  3 bullfrog zombies (D:5)
  A jelly (D:5)
  2 orc priests
  5 hounds
  3 gnoll shamans (D:6)
  3 iguanas
  7 orc wizards
  A killer bee zombie (D:8)
  A hound skeleton (D:5)
  A howler monkey zombie (D:10)
  Robin (D:4)
  8 adders
  16 gnolls
  A shadow imp (D:6)
  5 white imps
  An ufetubus (D:6)
  3 adder skeletons (D:4)
  A dart slug (D:5)
  20 orcs
  6 bats
  8 endoplasms
  3 giant cockroaches
  16 goblins
  7 hobgoblins
  2 quokkas
  8 ball pythons
  4 frilled lizards (D:2)
  14 kobolds
  5 rats
273 creatures vanquished.

Vanquished Creatures (collateral kills)
  An adder (D:4)
  An endoplasm (D:4)
  A ball python (D:4)
3 creatures vanquished.

Vanquished Creatures (others)
  A fungus (Lair:1)
  2 plants (Lair:1)
  5 withered plants (D:8)
8 creatures vanquished.

Grand Total: 284 creatures vanquished

Notes
Turn   | Place    | Note
-------+----------+-------------------------------------------
     0 | D:1      | Banquo the Formicid Fighter began the quest for the Orb.
     0 | D:1      | Reached XP level 1. HP: 18/18 MP: 1/1
    56 | D:1      | Reached XP level 2. HP: 5/24 MP: 2/2
   320 | D:1      | Found a faded altar of an unknown god.
   349 | D:1      | Got Plato's Grimoire of Dislocation
   350 | D:1      | Became a worshipper of Vehumet
   350 | D:1      | Reached * piety under Vehumet
   350 | D:1      | Offered knowledge of Foxfire by Vehumet.
   665 | D:1      | Reached XP level 3. HP: 29/29 MP: 3/3
  1301 | D:2      | Reached XP level 4. HP: 13/37 MP: 3/5
  1571 | D:2      | Reached skill level 3 in Axes
  1621 | D:2      | Offered knowledge of Sandblast by Vehumet.
  1816 | D:2      | Reached ** piety under Vehumet
  2444 | D:3      | Reached skill level 1 in Spellcasting
  2460 | D:3      | Identified a scroll of acquirement
  3107 | D:4      | Reached XP level 5. HP: 42/42 MP: 6/6
  3228 | D:4      | Noticed an ogre
  3313 | D:4      | Noticed a phantom
  3314 | D:4      | Found Pixziarch's Book Emporium.
  3325 | D:4      | Killed a phantom
  3369 | D:4      | Found a staircase to the Ecumenical Temple.
  3378 | Temple   | Entered the Ecumenical Temple
  3829 | D:4      | Reached XP level 6. HP: 33/48 MP: 8/8
  4069 | D:4      | Reached skill level 4 in Axes
  4102 | D:4      | Killed an ogre
  4102 | D:4      | Offered knowledge of Mephitic Cloud by Vehumet.
  4103 | D:4      | Reached skill level 1 in Dodging
  4107 | D:4      | Learned a level 3 spell: Mephitic Cloud
  4334 | D:4      | Noticed Robin
  4394 | D:4      | Killed Robin
  4517 | D:4      | Reached XP level 7. HP: 53/53 MP: 8/10
  4735 | D:5      | Entered Level 5 of the Dungeon
  4755 | D:5      | Reached skill level 5 in Axes
  4755 | D:5      | Reached skill level 5 in Armour
  4838 | D:4      | Reached *** piety under Vehumet
  5093 | D:5      | Reached skill level 6 in Axes
  5093 | D:5      | Reached XP level 8. HP: 60/60 MP: 11/11
  5446 | D:5      | Offered knowledge of Dazzling Flash by Vehumet.
  5454 | D:5      | Found a transporter.
  5457 | D:5      | Noticed temujin's ghost (novice DjCj)
  5466 | D:5      | Found a transporter.
  5489 | D:5      | Reached skill level 7 in Axes
  6310 | D:6      | Reached XP level 9. HP: 57/66 MP: 13/13
  6710 | D:6      | Reached skill level 8 in Axes
  6785 | D:6      | Identified the +1 ring mail of the Prince of Darkness {rF+}
  6925 | D:6      | Reached **** piety under Vehumet
  7044 | D:6      | Noticed Eustachio
  7067 | D:6      | Killed Eustachio
  7068 | D:6      | Reached skill level 5 in Shields
  7111 | D:6      | Offered knowledge of Ignite Poison by Vehumet.
  7408 | D:6      | Learned a level 3 spell: Ignite Poison
  7503 | D:6      | Found a transporter.
  7503 | D:6      | Noticed DildoBatman's ghost (amateur FoCj)
  7504 | D:6      | Found a transporter.
  7505 | D:6      | Noticed a manticore
  8124 | D:7      | Reached skill level 9 in Axes
  8594 | D:7      | Noticed an unseen horror
  8600 | D:7      | Killed an unseen horror
  8601 | D:7      | Reached XP level 10. HP: 73/73 MP: 16/16
  9150 | D:5      | Killed temujin's ghost
  9151 | D:5      | Reached skill level 5 in Fighting
  9452 | D:7      | Reached skill level 10 in Axes
 10329 | D:8      | Reached skill level 5 in Spellcasting
 10449 | D:8      | Noticed Psyche
 10464 | D:8      | Killed Psyche
 10682 | D:8      | Reached ***** piety under Vehumet
 10995 | D:6      | Killed a manticore
 10996 | D:6      | Reached skill level 11 in Axes
 10996 | D:6      | Reached XP level 11. HP: 50/81 MP: 18/18
 11239 | D:6      | Killed DildoBatman's ghost
 11411 | D:9      | Noticed a two-headed ogre
 11514 | D:9      | Offered knowledge of Iskenderun's Mystic Blast by Vehumet.
 11694 | D:9      | Reached skill level 1 in Poison Magic
 12077 | D:9      | Identified the +5 hand crossbow of Wondrous Power {flame,
                  | Str+4 Int-2 Dex+2}
 12197 | D:9      | Killed a two-headed ogre
 12558 | D:9      | Learned a level 4 spell: Iskenderun's Mystic Blast
 12929 | D:10     | Entered Level 10 of the Dungeon
 13358 | D:10     | Reached skill level 12 in Axes
 13437 | D:10     | Reached XP level 12. HP: 70/89 MP: 21/21
 14178 | D:10     | Found a bloodstained altar of Trog.
 14717 | D:10     | Found a staircase to the Lair.
 14772 | Lair:1   | Entered Level 1 of the Lair of Beasts
 14927 | Lair:1   | Found a dark tunnel.
 15184 | Volcano  | Entered a volcano
 15205 | Volcano  | Noticed a hell hog
 15220 | Volcano  | Killed a hell hog
 15221 | Volcano  | Reached skill level 10 in Armour
 15411 | Volcano  | Noticed a fire dragon
 15431 | Volcano  | Killed from afar by a fire dragon

Illustrated notes

Levels and vault maps discovered:
D:1:      ebering_hopf_link, layout_basic, shapermc_ecumenical_altar_rom_forum
D:2:      minmay_general_purpose_star, layout_basic,
          hangedman_abyss_or_decor_lesser_grid, st_stairs_9
D:3:      layout_basic, st_stairs_12, roderic_serpentine_path, dk_noncrumbling_3
D:4:      layout_basic, minmay_temple_entry_fiery, serial_shops, shop,
          serial_rivers, chequers_serial_rivers_small_a,
          chequers_serial_rivers_micro_b, chequers_serial_rivers_marsh,
          chequers_serial_rivers_marsh, chequers_serial_rivers_small_b,
          chequers_serial_rivers_room_a, uniq_robin
D:5:      layout_basic, gammafunk_ghost_smash
D:6:      layout_loops_ring, gammafunk_ghost_arena, uniq_eustachio
D:7:      layout_gridville, chequers_serial_rivers_micro_a
D:8:      layout_rooms, serial_undead, serial_undead_b, serial_undead_b,
          serial_undead_f, serial_undead_a, serial_undead_d, serial_undead_f,
          serial_undead_b, serial_undead_e, serial_undead_b, serial_undead_d,
          kennysheep_nondescript, uniq_psyche
D:9:      layout_small_grid, hangedman_decor_growths, wad_rectangle_vault
D:10:     layout_loops_ring, trog_butcher_becter, erik_lair_dragon
Temple:   nicolae_temple_the_god_donut
Lair:1:   layout_concentric_octagons, enter_volcano_1,
          portal_ice_cave_entry_imps, serial_bayou_shore_b, lemuel_fruit_tree,
          grunt_megastairs_2
Volcano:  volcano_pools

Skill      XL: |  1  2  3  4  5  6  7  8  9 10 11 12 |
---------------+-------------------------------------+-----
Axes           | 3 4 6 7 9 11 12 | 12.9
Spellcasting   | 1 2 3 4 5 6 |  6.7
Armour         | 4 5 6 7 8 9 10 | 10.0
Shields        | 4 5 7 8 |  8.0
Dodging        | 1 |  1.3
Fighting       | 4 5 6 7 |  7.4
Poison Magic   | 3 4 |  4.8

Action                   |  1- 3 |  4- 6 |  7- 9 | 10-12 || total
-------------------------+-------+-------+-------+-------++-------
Melee: War axe           |    83 |   156 |   333 |   610 ||  1182
 Abil: Dig               |       |     3 |    10 |    18 ||    31
  Use: Scroll            |       |     9 |    10 |     3 ||    22
       Potion            |       |       |     1 |     1 ||     2
Armor: Scale mail        |    52 |    21 |       |       ||    73
       Plate armour      |       |    41 |   202 |   222 ||   465
       Chain mail        |       |       |       |    13 ||    13
       Ring mail         |       |       |       |     5 ||     5
Dodge: Dodged            |    33 |    34 |    54 |   100 ||   221
Block: Kite shield       |    53 |    74 |   184 |   267 ||   578
